Barracuda vs Senators

Created - March 5, 2022 at 00:59

Goals
1 2 3 T
Barracuda 0 2 0 2
Senators 0 3 3 6
Shots
1 2 3 T
Barracuda 12 13 9 34
Senators 4 20 9 33

1st period

No Goal

Penalties :
Jordan Schroeder (Bel) for High sticking (Minor) at 6:06, Michael Matheson (Bel) for Hooking (Minor) at 12:26

2nd period

1. Senators , Grant Besse 4 (Michael Matheson 3, Kevin Rooney 11) at 0:59
2. Barracuda , Emil Pettersson 12 (William Carrier 25, Justin Shugg 11) at 6:59
3. Barracuda , Theodor Blueger 11 (Markus Nutivaara 26) at 10:15
4. Senators , Tomas Jurco 19 (Zachary Sanford 24, Christoph Bertschy 29) at 13:16
5. Senators , Oliver Bjorkstrand 15 (Michael Matheson 4) at 19:39

Penalties :
Noah Gregor (S.J) for High sticking (Minor) at 14:47

3rd period

6. Senators , Zachary Sanford 18 (Chandler Stephenson 4) at 1:28
7. Senators , Tomas Jurco 20 (Dmitry Sinitsyn 21, Christoph Bertschy 30) at 1:39
8. Senators , Christoph Bertschy 17 (Zachary Sanford 25) at 14:54

Penalties :
Keegan Lowe (Bel) for Hooking (Minor) at 2:33, Keegan Lowe (Bel) for Boarding (Minor) at 11:54, Dmitry Sinitsyn (Bel) for Hooking (Minor) at 19:33

Goalie Stats

Joacim Eriksson (S.J), 27 saves from 33 shots - (0.818), L, 12-11-1, 60:00 minutes
Sami Aittokallio (Bel), 32 saves from 34 shots - (0.941), W, 17-7-4, 60:00 minutes

Players Stats for Barracuda

Player Name              G  A  P  +/- PIM S  H  SB GA TA FO     MP     PP MP  PK MP  
------------------------------------------------------------------------------------
Alex Henriksson          0  0  0   0  0   2  2  0  0  0  0/0    10:46   0:10   0:19 
Alex Iafallo             0  0  0  -4  0   1  1  1  1  0  1/1    21:28   4:59   1:18 
Brandon Kozun            0  0  0  -4  0   4  2  1  0  0  0/0    20:20   5:09   0:00 
Chris Wagner             0  0  0   0  0   1  1  0  0  0  0/0    11:04   0:00   0:00 
Cole Ully                0  0  0   0  0   2  0  0  0  0  0/0    10:53   0:00   0:00 
David Shields            0  0  0  -2  0   1  3  0  0  1  0/0    21:32   3:05   0:40 
Emil Pettersson          1  0  1   0  0   3  3  1  0  0  2/10   17:19   3:13   0:48 
Jerome Gauthier-Leduc    0  0  0   1  0   0  0  0  0  0  0/0    11:43   0:00   0:00 
Justin Shugg             0  1  1   0  0   1  2  1  0  1  0/0    16:31   3:13   0:00 
Luca Sbisa               0  0  0  -3  0   2  3  1  1  1  0/0    26:45   5:17   1:19 
Mario Lucia              0  0  0   0  0   2  4  0  0  0  0/0     9:20   0:00   0:00 
Markus Nutivaara         0  1  1  -3  0   5  0  3  0  0  0/0    26:45   5:17   1:19 
Noah Gregor              0  0  0   0  2   0  0  1  0  0  2/3    10:05   0:00   0:00 
Robin Norell             0  0  0   1  0   0  0  0  0  0  0/0    11:43   0:00   0:00 
Sam Carrick              0  0  0  -4  0   1  2  0  0  0  21/38  21:53   4:45   1:11 
Samuel Groulx            0  0  0  -2  0   2  0  1  0  0  0/0    21:32   3:05   0:40 
Theodor Blueger          1  0  1   0  0   2  1  0  0  0  3/7    11:28   0:24   0:00 
William Carrier          0  1  1   0  0   5  5  1  1  0  0/0    16:53   3:13   0:22 

Players Stats for Senators

Player Name              G  A  P  +/- PIM S  H  SB GA TA FO     MP     PP MP  PK MP  
------------------------------------------------------------------------------------
Anthony Richard          0  0  0   0  0   0  0  0  0  0  0/0     1:56   0:00   1:54 
Chandler Stephenson      0  1  1   1  0   0  1  0  0  0  1/3     7:39   0:00   0:05 
Christoph Bertschy       1  2  3   1  0   1  0  0  0  0  17/33  20:39   0:37   4:55 
Dmitry Sinitsyn          0  1  1   2  2   1  1  2  1  0  0/0    23:54   1:06   5:01 
Dylan Blujus             0  0  0   2  0   1  1  0  0  1  0/0    20:05   0:53   2:55 
Grant Besse              1  0  1   1  0   6  0  0  1  0  0/0    12:22   0:00   0:00 
Jack Dougherty           0  0  0  -1  0   0  0  1  0  1  0/0    11:23   0:00   0:17 
Jordan Schroeder         0  0  0   1  2   2  2  0  0  0  7/13   18:44   1:22   1:28 
Keegan Lowe              0  0  0   2  4   1  1  0  0  0  0/0    18:15   0:53   1:27 
Kevin Rooney             0  1  1   1  0   1  3  0  0  0  4/7    12:48   0:00   0:00 
Mason Geertsen           0  0  0   1  0   0  0  0  0  0  0/0     4:34   0:00   0:00 
Michael Matheson         0  2  2   3  2   3  4  0  0  1  0/0    27:29   1:06   4:13 
Oliver Bjorkstrand       1  0  1   1  0   4  4  1  0  0  0/1    16:20   1:22   0:00 
Scott Harrington         0  0  0  -1  0   0  0  0  0  0  0/0    14:19   0:00   2:51 
Tomas Jurco              2  0  2   1  0   2  0  1  0  0  0/0    15:19   0:37   0:00 
Vitaly Abramov           0  0  0   1  0   0  1  0  0  0  1/1    13:23   0:00   0:30 
William Bitten           0  0  0   1  0   1  1  0  0  0  0/0     7:09   0:00   0:00 
Zachary Sanford          1  2  3   2  0   8  5  0  0  0  0/1    25:24   0:37   4:41 
Zemgus Girgensons        0  0  0   1  0   2  2  1  1  0  0/0    19:51   1:22   3:11 

3 Stars

1 - Zachary Sanford (Bel)
2 - Tomas Jurco (Bel)
3 - Christoph Bertschy (Bel)

Power Play

Barracuda - 0 on 5 Attempt(s) - 0.00%
Senators - 0 on 1 Attempt(s) - 0.00%

Penalty Kill

Barracuda - 1 on 1 Attempt(s) - 100.00% - Score 0 goal in Penalty Kill
Senators - 5 on 5 Attempt(s) - 100.00% - Score 0 goal in Penalty Kill

Team Stat

Barracuda - Hits : 29 - Faceoff Wins : 29 - Blocked Shots : 11 - Penalty Minutes : 2
Senators - Hits : 26 - Faceoff Wins : 30 - Blocked Shots : 6 - Penalty Minutes : 10

Official

Referees : Ian Walsh and Jacob Brenk
Linesman : Jesse Marquis and Brandon Gawryletz

Game Notes

No Game Note

Finance

Level 1 -- Attendance: 1700 (85.00%) -- Ticket Income $59,500
Level 2 -- Attendance: 884 (88.40%) -- Ticket Income $13,260
Total Attendance: 2584 (86.13%)
Total Ticket Income: $72,760
Other Income: $3,638
Total Income: $76,398

Barracuda

5 vs 5 Forward 
   Center                   Left Wing                Right Wing               Time % Phy DF OF 
 1 Sam Carrick              Alex Iafallo             Brandon Kozun            40     1   2  2  
 2 Emil Pettersson          William Carrier          Justin Shugg             30     1   2  2  
 3 Theodor Blueger          Cole Ully                Chris Wagner             20     1   2  2  
 4 Noah Gregor              Alex Henriksson          Mario Lucia              10     1   2  2  

5 vs 5 Defense 
   Defense                  Defense                                           Time % Phy DF OF 
 1 Markus Nutivaara         Luca Sbisa                                        40     1   2  2  
 2 Samuel Groulx            David Shields                                     30     1   2  2  
 3 Jerome Gauthier-Leduc    Robin Norell                                      20     1   2  2  
 4 Markus Nutivaara         Luca Sbisa                                        10     1   2  2  

PowerPlay Forward 
   Center                   Left Wing                Right Wing               Time % Phy DF OF 
 1 Sam Carrick              Alex Iafallo             Brandon Kozun            60     1   2  2  
 2 Emil Pettersson          William Carrier          Justin Shugg             40     1   2  2  

PowerPlay Defense
   Defense                  Defense                                           Time % Phy DF OF 
 1 Markus Nutivaara         Luca Sbisa                                        60     1   2  2  
 2 Samuel Groulx            David Shields                                     40     1   2  2  

Penalty Kill 4 Players Forward 
   Center                   Wing                     Time % Phy DF OF 
 1 Sam Carrick              Alex Iafallo             60     1   3  1  
 2 Emil Pettersson          William Carrier          40     1   3  1  

Penalty Kill 4 Players Defense
   Defense                  Defense                  Time % Phy DF OF 
 1 Markus Nutivaara         Luca Sbisa               60     1   4  0  
 2 Samuel Groulx            David Shields            40     1   4  0  

Penalty Kill - 3 Players Forward 
   Forward                                           Time % Phy DF OF 
 1 Sam Carrick                                       60     1   4  0  
 2 Emil Pettersson                                   40     1   4  0  

Penalty Kill - 3 Players Defense
   Defense                  Defense                  Time % Phy DF OF 
 1 Markus Nutivaara         Luca Sbisa               60     1   4  0  
 2 Samuel Groulx            David Shields            40     1   4  0  

4 vs 4 Forward 
   Center                   Wing                     Time % Phy DF OF 
 1 Sam Carrick              Alex Iafallo             60     1   2  2  
 2 Emil Pettersson          William Carrier          40     1   2  2  

4 vs 4 Defense
   Defense                  Defense                  Time % Phy DF OF 
 1 Markus Nutivaara         Luca Sbisa               60     1   2  2  
 2 Samuel Groulx            David Shields            40     1   2  2  

Last Minutes Offensive
   Center                   Left Wing                Right Wing               Defense                  Defense                  
   Sam Carrick              Alex Iafallo             Brandon Kozun            Markus Nutivaara         Luca Sbisa               

Last Minutes Defensive
   Center                   Left Wing                Right Wing               Defense                  Defense                  
   Sam Carrick              Alex Iafallo             Brandon Kozun            Markus Nutivaara         Luca Sbisa               

Goaltenders
Starting : Joacim Eriksson          
Backup : Kevin Lankinen           

Extra Forwards
Normal : Emil Pettersson, Justin Shugg, Chris Wagner - PP : Emil Pettersson, Justin Shugg - PK : Emil Pettersson
Extra Defensemen
Normal : David Shields, Jerome Gauthier-Leduc, Robin Norell - PP : David Shields - PK : David Shields, Jerome Gauthier-Leduc
Penalty Shots
Alex Iafallo, Sam Carrick, Brandon Kozun, William Carrier, Emil Pettersson

Scratches
Alex Lintuniemi (Healthy), Arturs Kulda (Left Eye Injury), Thomas Gobeil (Healthy), Tanner Jeannot (Healthy), Drew O'Connor (Healthy)
Dennis Cholowski (Healthy), Oscar Dansk (Healthy)

Senators

5 vs 5 Forward 
   Center                   Left Wing                Right Wing               Time % Phy DF OF 
 1 Christoph Bertschy       Zachary Sanford          Tomas Jurco              40     1   2  2  
 2 Jordan Schroeder         Zemgus Girgensons        Oliver Bjorkstrand       30     1   2  2  
 3 Kevin Rooney             Vitaly Abramov           Grant Besse              20     1   2  2  
 4 Chandler Stephenson      Zachary Sanford          William Bitten           10     0   3  2  

5 vs 5 Defense 
   Defense                  Defense                                           Time % Phy DF OF 
 1 Michael Matheson         Dmitry Sinitsyn                                   40     1   3  1  
 2 Keegan Lowe              Dylan Blujus                                      30     1   3  1  
 3 Scott Harrington         Jack Dougherty                                    20     1   3  1  
 4 Mason Geertsen           Michael Matheson                                  10     1   3  1  

PowerPlay Forward 
   Center                   Left Wing                Right Wing               Time % Phy DF OF 
 1 Christoph Bertschy       Zachary Sanford          Tomas Jurco              60     0   1  4  
 2 Jordan Schroeder         Zemgus Girgensons        Oliver Bjorkstrand       40     0   1  4  

PowerPlay Defense
   Defense                  Defense                                           Time % Phy DF OF 
 1 Michael Matheson         Dmitry Sinitsyn                                   60     0   1  4  
 2 Keegan Lowe              Dylan Blujus                                      40     0   1  4  

Penalty Kill 4 Players Forward 
   Center                   Wing                     Time % Phy DF OF 
 1 Christoph Bertschy       Zachary Sanford          60     1   4  0  
 2 Jordan Schroeder         Zemgus Girgensons        40     1   4  0  

Penalty Kill 4 Players Defense
   Defense                  Defense                  Time % Phy DF OF 
 1 Michael Matheson         Dmitry Sinitsyn          60     1   4  0  
 2 Keegan Lowe              Dylan Blujus             40     1   4  0  

Penalty Kill - 3 Players Forward 
   Forward                                           Time % Phy DF OF 
 1 Christoph Bertschy                                60     1   4  0  
 2 Jordan Schroeder                                  40     1   4  0  

Penalty Kill - 3 Players Defense
   Defense                  Defense                  Time % Phy DF OF 
 1 Michael Matheson         Dmitry Sinitsyn          60     1   4  0  
 2 Keegan Lowe              Dylan Blujus             40     1   4  0  

4 vs 4 Forward 
   Center                   Wing                     Time % Phy DF OF 
 1 Christoph Bertschy       Zachary Sanford          60     0   2  3  
 2 Jordan Schroeder         Zemgus Girgensons        40     0   2  3  

4 vs 4 Defense
   Defense                  Defense                  Time % Phy DF OF 
 1 Michael Matheson         Dmitry Sinitsyn          60     1   2  2  
 2 Keegan Lowe              Dylan Blujus             40     1   2  2  

Last Minutes Offensive
   Center                   Left Wing                Right Wing               Defense                  Defense                  
   Christoph Bertschy       Zachary Sanford          Tomas Jurco              Michael Matheson         Dmitry Sinitsyn          

Last Minutes Defensive
   Center                   Left Wing                Right Wing               Defense                  Defense                  
   Christoph Bertschy       Zachary Sanford          Tomas Jurco              Michael Matheson         Dmitry Sinitsyn          

Goaltenders
Starting : Sami Aittokallio         
Backup : Scott Wedgewood          

Extra Forwards
Normal : Christoph Bertschy, Jordan Schroeder, Kevin Rooney - PP : Christoph Bertschy, Jordan Schroeder - PK : Christoph Bertschy
Extra Defensemen
Normal : Scott Harrington, Jack Dougherty, Mason Geertsen - PP : Scott Harrington - PK : Scott Harrington, Jack Dougherty
Penalty Shots
Tomas Jurco, Oliver Bjorkstrand, Zachary Sanford, Zemgus Girgensons, Christoph Bertschy

Scratches
Adam Ollas-Mattsson (Healthy), Gustav Forsling (Healthy), Jake Evans (Healthy), Jonas Siegenthaler (Healthy), Joonas Lyytinen (Healthy)
Arttu Ruotsalainen (Healthy), Cliff Pu (Healthy), Keven Bouchard (Healthy)

% Time on Ice - Barracuda

Lines # - Real PCT - Wanted PCT - Time Play
Normal Forward
1 - 32% - 40% - 16:08
2 - 27% - 30% - 13:18
3 - 22% - 20% - 10:53
4 - 19% - 10% - 9:20
Normal Defense
1 - 38% - 40% - 18:40
2 - 36% - 30% - 17:47
3 - 24% - 20% - 11:43
4 - 3% - 10% - 1:29
PP Forward
1 - 62% - 60% - 5:09
2 - 38% - 40% - 3:13
PP Defense
1 - 63% - 60% - 5:17
2 - 37% - 40% - 3:05
PK Forward
1 - 82% - 60% - 1:37
2 - 18% - 40% - 0:22
PK Defense
1 - 66% - 60% - 1:19
2 - 34% - 40% - 0:40
PK3 Forward
1 - 0% - 60%
2 - 0% - 40%
PK3 Defense
1 - 0% - 60%
2 - 0% - 40%
44 Forward
1 - 0% - 60%
2 - 0% - 40%
44 Defense
1 - 0% - 60%
2 - 0% - 40%
Last Minute Offensive  - 0:00
Last Minute Defensive  - 0:00
Total
Forward - 60:00
Defense - 60:00

% Time on Ice - Senators

Lines # - Real PCT - Wanted PCT - Time Play
Normal Forward
1 - 30% - 40% - 14:44
2 - 31% - 30% - 15:24
3 - 25% - 20% - 12:22
4 - 14% - 10% - 7:09
Normal Defense
1 - 36% - 40% - 17:42
2 - 33% - 30% - 16:17
3 - 22% - 20% - 11:06
4 - 9% - 10% - 4:34
PP Forward
1 - 31% - 60% - 0:37
2 - 69% - 40% - 1:22
PP Defense
1 - 55% - 60% - 1:06
2 - 45% - 40% - 0:53
PK Forward
1 - 75% - 60% - 6:19
2 - 25% - 40% - 2:03
PK Defense
1 - 65% - 60% - 5:27
2 - 35% - 40% - 2:55
PK3 Forward
1 - 0% - 60%
2 - 0% - 40%
PK3 Defense
1 - 0% - 60%
2 - 0% - 40%
44 Forward
1 - 0% - 60%
2 - 0% - 40%
44 Defense
1 - 0% - 60%
2 - 0% - 40%
Last Minute Offensive  - 0:00
Last Minute Defensive  - 0:00
Total
Forward - 60:00
Defense - 60:00

Play-by-Play

1st period


0:01 of 1st period - Christoph Bertschy wins face-off versus Sam Carrick in neutral zone.
0:16 of 1st period - Snap shot by Tomas Jurco.
0:16 of 1st period - Shot Blocked by Markus Nutivaara.
0:34 of 1st period - Slapshot by Markus Nutivaara.
0:34 of 1st period - Stopped by Sami Aittokallio with a rebound.
0:36 of 1st period - Slapshot by William Carrier.
0:36 of 1st period - Stopped by Sami Aittokallio with a rebound.
0:38 of 1st period - Snap shot by William Carrier.
0:38 of 1st period - Stopped by Sami Aittokallio without a rebound.
0:39 of 1st period - Kevin Rooney wins face-off versus Theodor Blueger in Senators zone.
0:44 of 1st period - Snap shot by Keegan Lowe.
0:44 of 1st period - Stopped by Joacim Eriksson with a rebound.
0:46 of 1st period - Slapshot by Dylan Blujus.
0:46 of 1st period - Shot Misses the Net.
1:04 of 1st period - Noah Gregor is hit by Chandler Stephenson and loses puck.
1:32 of 1st period - Keegan Lowe is hit by Emil Pettersson and loses puck.
1:49 of 1st period - Snap shot by Oliver Bjorkstrand.
1:49 of 1st period - Shot Misses the Net.
2:09 of 1st period - Wrist shot by Vitaly Abramov.
2:09 of 1st period - Shot Misses the Net.
2:11 of 1st period - Wrist shot by Scott Harrington.
2:11 of 1st period - Shot Blocked by Luca Sbisa.
2:15 of 1st period - Wrist shot by Kevin Rooney.
2:15 of 1st period - Shot Blocked by Markus Nutivaara.
2:29 of 1st period - Slapshot by Mario Lucia.
2:29 of 1st period - Shot Misses the Net.
2:47 of 1st period - Slapshot by Oliver Bjorkstrand.
2:47 of 1st period - Shot Misses the Net.
3:11 of 1st period - Slapshot by Chris Wagner.
3:11 of 1st period - Stopped by Sami Aittokallio without a rebound.
3:12 of 1st period - Theodor Blueger wins face-off versus Kevin Rooney in Senators zone.
3:21 of 1st period - Samuel Groulx is hit by Kevin Rooney and loses puck.
3:38 of 1st period - Samuel Groulx is hit by Michael Matheson and loses puck.
4:19 of 1st period - Jerome Gauthier-Leduc is hit by William Bitten and loses puck.
5:13 of 1st period - Keegan Lowe is hit by William Carrier and loses puck.
5:28 of 1st period - Dylan Blujus is hit by Alex Henriksson and loses puck.
5:37 of 1st period - Wrist shot by Mario Lucia.
5:37 of 1st period - Stopped by Sami Aittokallio with a rebound.
5:39 of 1st period - Wrist shot by Alex Henriksson.
5:39 of 1st period - Shot Misses the Net.
6:06 of 1st period - Minor Penalty to Jordan Schroeder for High sticking.
6:07 of 1st period - Sam Carrick wins face-off versus Christoph Bertschy in Senators zone.
6:57 of 1st period - Zemgus Girgensons is hit by Brandon Kozun and loses puck.
7:20 of 1st period - Dylan Blujus is hit by William Carrier.
7:36 of 1st period - Samuel Groulx is hit by Vitaly Abramov and loses puck.
8:06 of 1st period - Penalty to Jordan Schroeder is over, Jordan Schroeder is back on ice.
8:21 of 1st period - Dylan Blujus is hit by Chris Wagner and loses puck.
8:38 of 1st period - Slapshot by Kevin Rooney.
8:38 of 1st period - Shot Misses the Net.
9:49 of 1st period - Icing by Zachary Sanford.
9:50 of 1st period - Noah Gregor wins face-off versus Chandler Stephenson in Senators zone.
10:43 of 1st period - Keegan Lowe is hit by Mario Lucia and loses puck.
10:48 of 1st period - Slapshot by Markus Nutivaara.
10:48 of 1st period - Shot Hit the Post.
10:50 of 1st period - Wrist shot by Markus Nutivaara.
10:50 of 1st period - Stopped by Sami Aittokallio without a rebound.
10:51 of 1st period - Sam Carrick wins face-off versus Jordan Schroeder in Senators zone.
11:11 of 1st period - Markus Nutivaara is hit by Jordan Schroeder and loses puck.
11:48 of 1st period - Snap shot by Zachary Sanford.
11:48 of 1st period - Stopped by Joacim Eriksson without a rebound.
11:49 of 1st period - Noah Gregor wins face-off versus Christoph Bertschy in Barracuda zone.
11:49 of 1st period - Noah Gregor is hit by Zachary Sanford.
11:59 of 1st period - Snap shot by Samuel Groulx.
11:59 of 1st period - Stopped by Sami Aittokallio with a rebound.
12:01 of 1st period - Snap shot by Noah Gregor.
12:01 of 1st period - Shot Misses the Net.
12:07 of 1st period - Slapshot by Samuel Groulx.
12:07 of 1st period - Stopped by Sami Aittokallio with a rebound.
12:09 of 1st period - Slapshot by David Shields.
12:09 of 1st period - Shot Blocked by Jack Dougherty.
12:19 of 1st period - Slapshot by Alex Henriksson.
12:19 of 1st period - Shot Misses the Net.
12:23 of 1st period - Slapshot by Alex Henriksson.
12:23 of 1st period - Stopped by Sami Aittokallio without a rebound.
12:24 of 1st period - Jordan Schroeder wins face-off versus Sam Carrick in Senators zone.
12:26 of 1st period - Minor Penalty to Michael Matheson for Hooking.
12:27 of 1st period - Sam Carrick wins face-off versus Christoph Bertschy in Senators zone.
12:29 of 1st period - Slapshot by Alex Iafallo.
12:29 of 1st period - Deflect By Brandon Kozun.
12:29 of 1st period - Shot Blocked by Dmitry Sinitsyn.
12:29 of 1st period - Puck is out of play.
12:30 of 1st period - Christoph Bertschy wins face-off versus Sam Carrick in Senators zone.
12:59 of 1st period - Slapshot by Markus Nutivaara.
12:59 of 1st period - Stopped by Sami Aittokallio with a rebound.
13:01 of 1st period - Slapshot by Markus Nutivaara.
13:01 of 1st period - Stopped by Sami Aittokallio without a rebound.
13:02 of 1st period - Jordan Schroeder wins face-off versus Sam Carrick in Senators zone.
13:02 of 1st period - Jordan Schroeder is hit by Alex Iafallo.
13:18 of 1st period - Snap shot by Zachary Sanford.
13:18 of 1st period - Stopped by Joacim Eriksson with a rebound.
13:28 of 1st period - Zemgus Girgensons is hit by Justin Shugg and loses puck.
14:23 of 1st period - Dylan Blujus is hit by Sam Carrick.
14:26 of 1st period - Penalty to Michael Matheson is over, Michael Matheson is back on ice.
14:53 of 1st period - Alex Henriksson is hit by Michael Matheson and loses puck.
15:54 of 1st period - Samuel Groulx is hit by Zemgus Girgensons and loses puck.
16:11 of 1st period - Snap shot by Michael Matheson.
16:11 of 1st period - Stopped by Joacim Eriksson with a rebound.
17:07 of 1st period - Dylan Blujus is hit by William Carrier and loses puck.
17:56 of 1st period - Snap shot by Alex Iafallo.
17:56 of 1st period - Stopped by Sami Aittokallio with a rebound.
18:27 of 1st period - William Bitten is hit by Mario Lucia and loses puck.
19:39 of 1st period - Zachary Sanford is hit by Mario Lucia and loses puck.
Goals for this period are 0 for Barracuda vs 0 for Senators.
Shots for this period are 12 for Barracuda vs 4 for Senators.

2nd period


0:01 of 2nd period - Christoph Bertschy wins face-off versus Sam Carrick in neutral zone.
0:43 of 2nd period - Off-side.
0:44 of 2nd period - Vitaly Abramov wins face-off versus Theodor Blueger in neutral zone.
0:55 of 2nd period - Slapshot by Kevin Rooney.
0:55 of 2nd period - Shot Blocked by Samuel Groulx.
0:59 of 2nd period - Snap shot by Grant Besse.
0:59 of 2nd period - Goal by Grant Besse - Barracuda : 0 - Senators : 1.
1:00 of 2nd period - Christoph Bertschy wins face-off versus Sam Carrick in neutral zone.
1:03 of 2nd period - Brandon Kozun is hit by Dmitry Sinitsyn and loses puck.
2:08 of 2nd period - Sam Carrick is hit by Zachary Sanford and loses puck.
2:58 of 2nd period - Cole Ully is hit by Kevin Rooney.
3:23 of 2nd period - Wrist shot by Jordan Schroeder.
3:23 of 2nd period - Stopped by Joacim Eriksson with a rebound.
3:25 of 2nd period - Snap shot by Michael Matheson.
3:25 of 2nd period - Stopped by Joacim Eriksson with a rebound.
4:05 of 2nd period - Vitaly Abramov is hit by Emil Pettersson and loses puck.
4:34 of 2nd period - Alex Henriksson is hit by Zemgus Girgensons.
4:48 of 2nd period - Snap shot by Grant Besse.
4:48 of 2nd period - Stopped by Joacim Eriksson without a rebound.
4:49 of 2nd period - Sam Carrick wins face-off versus Kevin Rooney in Barracuda zone.
4:58 of 2nd period - Snap shot by Sam Carrick.
4:58 of 2nd period - Stopped by Sami Aittokallio without a rebound.
4:59 of 2nd period - Sam Carrick wins face-off versus Jordan Schroeder in Senators zone.
5:10 of 2nd period - Snap shot by Alex Iafallo.
5:10 of 2nd period - Shot Blocked by Dmitry Sinitsyn.
5:56 of 2nd period - Scott Harrington is hit by Theodor Blueger and loses puck.
6:34 of 2nd period - Snap shot by Chandler Stephenson.
6:34 of 2nd period - Deflect By William Bitten.
6:34 of 2nd period - Stopped by Joacim Eriksson with a rebound.
6:53 of 2nd period - Wrist shot by William Carrier.
6:53 of 2nd period - Stopped by Sami Aittokallio with a rebound.
6:55 of 2nd period - Wrist shot by Justin Shugg.
6:55 of 2nd period - Stopped by Sami Aittokallio with a rebound.
6:57 of 2nd period - Snap shot by William Carrier.
6:57 of 2nd period - Shot Misses the Net.
6:59 of 2nd period - Snap shot by Emil Pettersson.
6:59 of 2nd period - Goal by Emil Pettersson - Barracuda : 1 - Senators : 1.
7:00 of 2nd period - Sam Carrick wins face-off versus Jordan Schroeder in neutral zone.
7:07 of 2nd period - Wrist shot by Brandon Kozun.
7:07 of 2nd period - Stopped by Sami Aittokallio with a rebound.
8:08 of 2nd period - Snap shot by Oliver Bjorkstrand.
8:08 of 2nd period - Shot Misses the Net.
8:18 of 2nd period - Michael Matheson is hit by Alex Henriksson and loses puck.
8:53 of 2nd period - Slapshot by Keegan Lowe.
8:53 of 2nd period - Shot Blocked by Emil Pettersson.
9:07 of 2nd period - Theodor Blueger is hit by Zachary Sanford and loses puck.
9:23 of 2nd period - Icing by Jerome Gauthier-Leduc.
9:24 of 2nd period - Christoph Bertschy wins face-off versus Sam Carrick in Barracuda zone.
9:25 of 2nd period - Wrist shot by Zachary Sanford.
9:25 of 2nd period - Stopped by Joacim Eriksson with a rebound.
10:07 of 2nd period - Wrist shot by Cole Ully.
10:07 of 2nd period - Shot Blocked by Oliver Bjorkstrand.
10:09 of 2nd period - Slapshot by Cole Ully.
10:09 of 2nd period - Stopped by Sami Aittokallio with a rebound.
10:11 of 2nd period - Slapshot by Cole Ully.
10:11 of 2nd period - Stopped by Sami Aittokallio without a rebound.
10:12 of 2nd period - Theodor Blueger wins face-off versus Christoph Bertschy in Senators zone.
10:15 of 2nd period - Wrist shot by Theodor Blueger.
10:15 of 2nd period - Goal by Theodor Blueger - Barracuda : 2 - Senators : 1.
10:16 of 2nd period - Sam Carrick wins face-off versus Christoph Bertschy in neutral zone.
10:41 of 2nd period - Jordan Schroeder is hit by William Carrier.
11:21 of 2nd period - David Shields is hit by Keegan Lowe and loses puck.
11:31 of 2nd period - Icing by Samuel Groulx.
11:32 of 2nd period - Christoph Bertschy wins face-off versus Noah Gregor in Barracuda zone.
11:41 of 2nd period - Wrist shot by Zachary Sanford.
11:41 of 2nd period - Stopped by Joacim Eriksson with a rebound.
11:43 of 2nd period - Wrist shot by Zachary Sanford.
11:43 of 2nd period - Stopped by Joacim Eriksson with a rebound.
11:59 of 2nd period - Slapshot by Oliver Bjorkstrand.
11:59 of 2nd period - Stopped by Joacim Eriksson without a rebound.
12:00 of 2nd period - Sam Carrick wins face-off versus Jordan Schroeder in Barracuda zone.
12:25 of 2nd period - Luca Sbisa is hit by Zachary Sanford and loses puck.
12:34 of 2nd period - Slapshot by Emil Pettersson.
12:34 of 2nd period - Stopped by Sami Aittokallio with a rebound.
12:56 of 2nd period - Snap shot by Alex Henriksson.
12:56 of 2nd period - Stopped by Sami Aittokallio without a rebound.
12:57 of 2nd period - Jordan Schroeder wins face-off versus Sam Carrick in Senators zone.
13:12 of 2nd period - Snap shot by Oliver Bjorkstrand.
13:12 of 2nd period - Deflect By Brandon Kozun.
13:12 of 2nd period - Shot Misses the Net.
13:12 of 2nd period - Puck is out of play.
13:13 of 2nd period - Christoph Bertschy wins face-off versus Emil Pettersson in Barracuda zone.
13:16 of 2nd period - Slapshot by Tomas Jurco.
13:16 of 2nd period - Goal by Tomas Jurco - Barracuda : 2 - Senators : 2.
13:17 of 2nd period - Christoph Bertschy wins face-off versus Sam Carrick in neutral zone.
13:19 of 2nd period - Michael Matheson is hit by Sam Carrick and loses puck.
13:28 of 2nd period - Snap shot by Brandon Kozun.
13:28 of 2nd period - Stopped by Sami Aittokallio with a rebound.
13:30 of 2nd period - Wrist shot by Alex Iafallo.
13:30 of 2nd period - Shot Blocked by Tomas Jurco.
13:32 of 2nd period - Wrist shot by Alex Iafallo.
13:32 of 2nd period - Shot Hit the Post.
13:42 of 2nd period - William Carrier is hit by Michael Matheson and loses puck.
13:49 of 2nd period - Wrist shot by Oliver Bjorkstrand.
13:49 of 2nd period - Stopped by Joacim Eriksson with a rebound.
14:26 of 2nd period - Keegan Lowe is hit by David Shields and loses puck.
14:37 of 2nd period - William Bitten is hit by Mario Lucia and loses puck.
14:47 of 2nd period - Minor Penalty to Noah Gregor for High sticking.
14:48 of 2nd period - Sam Carrick wins face-off versus Jordan Schroeder in Barracuda zone.
14:59 of 2nd period - Wrist shot by Dmitry Sinitsyn.
14:59 of 2nd period - Stopped by Joacim Eriksson with a rebound.
15:34 of 2nd period - Off-side.
15:35 of 2nd period - Christoph Bertschy wins face-off versus Emil Pettersson in neutral zone.
16:03 of 2nd period - Off-side.
16:04 of 2nd period - Emil Pettersson wins face-off versus Oliver Bjorkstrand in neutral zone.
16:07 of 2nd period - Snap shot by Luca Sbisa.
16:07 of 2nd period - Stopped by Sami Aittokallio with a rebound.
16:31 of 2nd period - Dmitry Sinitsyn is hit by Luca Sbisa and loses puck.
16:47 of 2nd period - Penalty to Noah Gregor is over, Noah Gregor is back on ice.
16:58 of 2nd period - Sam Carrick is hit by Jordan Schroeder.
17:15 of 2nd period - Robin Norell is hit by Oliver Bjorkstrand and loses puck.
17:24 of 2nd period - Snap shot by Jordan Schroeder.
17:24 of 2nd period - Stopped by Joacim Eriksson with a rebound.
17:26 of 2nd period - Slapshot by Zemgus Girgensons.
17:26 of 2nd period - Shot Misses the Net.
17:28 of 2nd period - Snap shot by Zemgus Girgensons.
17:28 of 2nd period - Stopped by Joacim Eriksson with a rebound.
17:30 of 2nd period - Snap shot by Zemgus Girgensons.
17:30 of 2nd period - Shot Blocked by Noah Gregor.
17:32 of 2nd period - Snap shot by Oliver Bjorkstrand.
17:32 of 2nd period - Stopped by Joacim Eriksson without a rebound.
17:33 of 2nd period - Christoph Bertschy wins face-off versus Emil Pettersson in Barracuda zone.
17:42 of 2nd period - Wrist shot by Zachary Sanford.
17:42 of 2nd period - Deflect By Tomas Jurco.
17:42 of 2nd period - Shot Misses the Net.
17:42 of 2nd period - Puck is out of play.
17:43 of 2nd period - Christoph Bertschy wins face-off versus Emil Pettersson in Barracuda zone.
17:48 of 2nd period - Snap shot by Zachary Sanford.
17:48 of 2nd period - Shot Misses the Net.
18:06 of 2nd period - Slapshot by Markus Nutivaara.
18:06 of 2nd period - Stopped by Sami Aittokallio with a rebound.
18:35 of 2nd period - Off-side.
18:36 of 2nd period - Kevin Rooney wins face-off versus Theodor Blueger in neutral zone.
18:39 of 2nd period - Snap shot by Dylan Blujus.
18:39 of 2nd period - Deflect By Grant Besse.
18:39 of 2nd period - Stopped by Joacim Eriksson without a rebound.
18:40 of 2nd period - Kevin Rooney wins face-off versus Theodor Blueger in Barracuda zone.
18:43 of 2nd period - Slapshot by Grant Besse.
18:43 of 2nd period - Stopped by Joacim Eriksson with a rebound.
18:45 of 2nd period - Slapshot by Kevin Rooney.
18:45 of 2nd period - Stopped by Joacim Eriksson with a rebound.
18:51 of 2nd period - Wrist shot by Grant Besse.
18:51 of 2nd period - Stopped by Joacim Eriksson without a rebound.
18:52 of 2nd period - Jordan Schroeder wins face-off versus Sam Carrick in Barracuda zone.
19:05 of 2nd period - Wrist shot by Oliver Bjorkstrand.
19:05 of 2nd period - Shot Blocked by Brandon Kozun.
19:07 of 2nd period - Slapshot by Dmitry Sinitsyn.
19:07 of 2nd period - Deflect By Jordan Schroeder.
19:07 of 2nd period - Shot Blocked by Markus Nutivaara.
19:07 of 2nd period - Puck is out of play.
19:08 of 2nd period - Christoph Bertschy wins face-off versus Emil Pettersson in Barracuda zone.
19:39 of 2nd period - Snap shot by Oliver Bjorkstrand.
19:39 of 2nd period - Goal by Oliver Bjorkstrand - Barracuda : 2 - Senators : 3.
19:40 of 2nd period - Sam Carrick wins face-off versus Christoph Bertschy in neutral zone.
Goals for this period are 2 for Barracuda vs 3 for Senators.
Shots for this period are 13 for Barracuda vs 20 for Senators.

3rd period


0:01 of 3rd period - Sam Carrick wins face-off versus Christoph Bertschy in neutral zone.
0:25 of 3rd period - Dmitry Sinitsyn is hit by Luca Sbisa and loses puck.
0:47 of 3rd period - Snap shot by Zemgus Girgensons.
0:47 of 3rd period - Shot Misses the Net.
0:49 of 3rd period - Wrist shot by Grant Besse.
0:49 of 3rd period - Stopped by Joacim Eriksson with a rebound.
0:51 of 3rd period - Slapshot by Michael Matheson.
0:51 of 3rd period - Stopped by Joacim Eriksson with a rebound.
1:09 of 3rd period - Slapshot by Zachary Sanford.
1:09 of 3rd period - Stopped by Joacim Eriksson without a rebound.
1:10 of 3rd period - Sam Carrick wins face-off versus Chandler Stephenson in Barracuda zone.
1:19 of 3rd period - Snap shot by Brandon Kozun.
1:19 of 3rd period - Stopped by Sami Aittokallio with a rebound.
1:22 of 3rd period - Icing by William Bitten.
1:23 of 3rd period - Chandler Stephenson wins face-off versus Sam Carrick in Senators zone.
1:28 of 3rd period - Wrist shot by Zachary Sanford.
1:28 of 3rd period - Goal by Zachary Sanford - Barracuda : 2 - Senators : 4.
1:29 of 3rd period - Sam Carrick wins face-off versus Christoph Bertschy in neutral zone.
1:31 of 3rd period - Off-side.
1:32 of 3rd period - Christoph Bertschy wins face-off versus Sam Carrick in neutral zone.
1:37 of 3rd period - Slapshot by Dmitry Sinitsyn.
1:37 of 3rd period - Shot Misses the Net.
1:39 of 3rd period - Wrist shot by Tomas Jurco.
1:39 of 3rd period - Goal by Tomas Jurco - Barracuda : 2 - Senators : 5.
1:40 of 3rd period - Christoph Bertschy wins face-off versus Sam Carrick in neutral zone.
2:06 of 3rd period - Zemgus Girgensons is hit by Luca Sbisa and loses puck.
2:17 of 3rd period - William Carrier is hit by Michael Matheson and loses puck.
2:33 of 3rd period - Minor Penalty to Keegan Lowe for Hooking.
2:34 of 3rd period - Sam Carrick wins face-off versus Christoph Bertschy in Senators zone.
2:35 of 3rd period - Slapshot by Alex Iafallo.
2:35 of 3rd period - Deflect By Michael Matheson.
2:35 of 3rd period - Shot Misses the Net.
2:35 of 3rd period - Puck is out of play.
2:36 of 3rd period - Christoph Bertschy wins face-off versus Sam Carrick in Senators zone.
3:01 of 3rd period - Christoph Bertschy is hit by Emil Pettersson and loses puck.
3:54 of 3rd period - Sam Carrick is hit by Dylan Blujus and loses puck.
4:33 of 3rd period - Penalty to Keegan Lowe is over, Keegan Lowe is back on ice.
4:45 of 3rd period - Dmitry Sinitsyn is hit by David Shields and loses puck.
6:28 of 3rd period - Dylan Blujus is hit by David Shields and loses puck.
7:35 of 3rd period - William Bitten is hit by William Carrier and loses puck.
8:16 of 3rd period - Chris Wagner is hit by Oliver Bjorkstrand and loses puck.
8:44 of 3rd period - William Carrier is hit by Zachary Sanford and loses puck.
9:02 of 3rd period - Wrist shot by Alex Iafallo.
9:02 of 3rd period - Shot Blocked by Zemgus Girgensons.
9:30 of 3rd period - Slapshot by Samuel Groulx.
9:30 of 3rd period - Deflect By Mario Lucia.
9:30 of 3rd period - Stopped by Sami Aittokallio without a rebound.
9:31 of 3rd period - Kevin Rooney wins face-off versus Sam Carrick in Senators zone.
9:31 of 3rd period - Kevin Rooney is hit by Brandon Kozun.
9:57 of 3rd period - Samuel Groulx is hit by Oliver Bjorkstrand and loses puck.
10:04 of 3rd period - Wrist shot by Zemgus Girgensons.
10:04 of 3rd period - Stopped by Joacim Eriksson without a rebound.
10:05 of 3rd period - Sam Carrick wins face-off versus Christoph Bertschy in Barracuda zone.
10:59 of 3rd period - David Shields is hit by Kevin Rooney.
11:31 of 3rd period - Slapshot by Zachary Sanford.
11:31 of 3rd period - Stopped by Joacim Eriksson without a rebound.
11:32 of 3rd period - Sam Carrick wins face-off versus Jordan Schroeder in Barracuda zone.
11:54 of 3rd period - Minor Penalty to Keegan Lowe for Boarding.
11:55 of 3rd period - Christoph Bertschy wins face-off versus Sam Carrick in Senators zone.
12:07 of 3rd period - Off-side.
12:08 of 3rd period - Christoph Bertschy wins face-off versus Sam Carrick in neutral zone.
12:31 of 3rd period - Wrist shot by Christoph Bertschy.
12:31 of 3rd period - Shot Blocked by Justin Shugg.
12:41 of 3rd period - Snap shot by Emil Pettersson.
12:41 of 3rd period - Stopped by Sami Aittokallio without a rebound.
12:42 of 3rd period - Alex Iafallo wins face-off versus Christoph Bertschy in Senators zone.
13:15 of 3rd period - Dmitry Sinitsyn is hit by Justin Shugg and loses puck.
13:54 of 3rd period - Penalty to Keegan Lowe is over, Keegan Lowe is back on ice.
14:24 of 3rd period - Snap shot by Alex Henriksson.
14:24 of 3rd period - Shot Misses the Net.
14:31 of 3rd period - Icing by Michael Matheson.
14:32 of 3rd period - Jordan Schroeder wins face-off versus Emil Pettersson in Senators zone.
14:54 of 3rd period - Wrist shot by Christoph Bertschy.
14:54 of 3rd period - Goal by Christoph Bertschy - Barracuda : 2 - Senators : 6.
14:55 of 3rd period - Sam Carrick wins face-off versus Christoph Bertschy in neutral zone.
15:48 of 3rd period - Snap shot by Theodor Blueger.
15:48 of 3rd period - Stopped by Sami Aittokallio without a rebound.
15:49 of 3rd period - Sam Carrick wins face-off versus Kevin Rooney in Senators zone.
16:06 of 3rd period - Backhand shot by Dylan Blujus.
16:06 of 3rd period - Shot Blocked by Alex Iafallo.
16:08 of 3rd period - Slapshot by Dylan Blujus.
16:08 of 3rd period - Stopped by Joacim Eriksson without a rebound.
16:09 of 3rd period - Emil Pettersson wins face-off versus Christoph Bertschy in Barracuda zone.
17:37 of 3rd period - Slapshot by David Shields.
17:37 of 3rd period - Stopped by Sami Aittokallio with a rebound.
17:41 of 3rd period - Wrist shot by William Carrier.
17:41 of 3rd period - Stopped by Sami Aittokallio with a rebound.
17:43 of 3rd period - Snap shot by William Carrier.
17:43 of 3rd period - Stopped by Sami Aittokallio without a rebound.
17:44 of 3rd period - Jordan Schroeder wins face-off versus Emil Pettersson in Senators zone.
17:53 of 3rd period - Icing by Luca Sbisa.
17:54 of 3rd period - Jordan Schroeder wins face-off versus Emil Pettersson in Barracuda zone.
17:55 of 3rd period - Slapshot by Oliver Bjorkstrand.
17:55 of 3rd period - Deflect By Zemgus Girgensons.
17:55 of 3rd period - Shot Blocked by William Carrier.
17:55 of 3rd period - Puck is out of play.
17:56 of 3rd period - Sam Carrick wins face-off versus Christoph Bertschy in Barracuda zone.
18:33 of 3rd period - Slapshot by Luca Sbisa.
18:33 of 3rd period - Stopped by Sami Aittokallio without a rebound.
18:34 of 3rd period - Theodor Blueger wins face-off versus Zachary Sanford in Senators zone.
19:01 of 3rd period - Sam Carrick is hit by Oliver Bjorkstrand and loses puck.
19:33 of 3rd period - Minor Penalty to Dmitry Sinitsyn for Hooking.
19:34 of 3rd period - Sam Carrick wins face-off versus Christoph Bertschy in Senators zone.
19:44 of 3rd period - Backhand shot by Brandon Kozun.
19:44 of 3rd period - Stopped by Sami Aittokallio without a rebound.
19:45 of 3rd period - Sam Carrick wins face-off versus Christoph Bertschy in Senators zone.
Goals for this period are 0 for Barracuda vs 3 for Senators.
Shots for this period are 9 for Barracuda vs 9 for Senators.